 Dungeon Crawl Stone Soup version 0.20.0-8-g6b59dc7 (webtiles) character file.

310872 Monsterracer the Bludgeoner (level 21, -11/137 HPs)
             Began as a Gargoyle Fighter on June 1, 2017.
             Was the Champion of the Shining One.
             Mangled by a large abomination (20 damage)
             ... on level 3 of the Abyss.
             The game lasted 01:40:10 (44106 turns).

Monsterracer the Bludgeoner (Gargoyle Fighter)     Turns: 44106, Time: 01:40:10

Health: -11/137    AC: 56    Str: 18      XL:     21   Next: 27%
Magic:  27/28      EV: 11    Int:  4 (10) God:    the Shining One [******]
Gold:   2775       SH:  0    Dex: 14      Spells: 5/22 levels left

rFire    + . .     SeeInvis .   D - +1 eveningstar (protect)
rCold    + . .     Gourm    .   E - +2 large shield
rNeg     + + +     Faith    .   H - +2 plate armour {rN+}
rPois    ∞         Spirit   .   s - +1 helmet
rElec    +         Reflect  +   L - scarf {rC+ rF+}
rCorr    .         Harm     .   z - +2 pair of gloves
MR       +....                  w - +2 pair of boots {run}
Stlth    ..........             h - +3 amulet of reflection
Regen    0.4/turn               N - +5 ring of slaying
MPRegen  0.3/turn               u - +5 ring of protection

@: confused, protection aura, flying, slowed, glowing, very slow
A: big wings, agile 1, [blurry vision 2], [clumsy 2], deterioration 1, high mp
1, [low mp 2], negative energy resistance 1, [screaming 2], electricity
resistance, weak 2, unbreathing, petrification resistance, rot immunity,
MP-powered wands, AC +15
}: 2/15 runes: decaying, serpentine
a: Stop Flying, Divine Shield, Cleansing Flame, Summon Divine Warrior, Brand
Weapon With Holy Wrath, Renounce Religion


You were on level 3 of the Abyss.
You worshipped the Shining One.
The Shining One was exalted by your worship.
You were very hungry.

You visited 6 branches of the dungeon, and saw 34 of its levels.
You visited the Abyss 1 time.
You also visited: Ice Cave.

You collected 3712 gold pieces.
You spent 937 gold pieces at shops.

Inventory:

Hand Weapons
 D - a +1 eveningstar of protection (weapon)
Armour
 s - a +1 helmet (worn)
 w - a +2 pair of boots of running (worn)
 z - a +2 pair of gloves (worn)
 E - a +2 large shield (worn)
 H - a +2 plate armour of positive energy (worn)
 L - a scarf of resistance (worn)
Jewellery
 h - a +3 amulet of reflection (around neck)
 i - an uncursed ring of resist corrosion
 u - a +5 ring of protection (right hand)
 v - the ring of Siczoa {rElec rC+ SInv Stlth-}
   (You found it in an ice cave)

   [ring of protection from cold]

   It protects you from cold.
   It insulates you from electricity.
   It lets you see invisible.
   It makes you less stealthy.
 B - a +3 ring of dexterity
 N - a +5 ring of slaying (left hand)
Wands
 d - a wand of iceblast (5/15)
 j - a wand of iceblast (4/15)
 y - a wand of acid (7/15)
 A - a wand of acid (6/15)
 Q - a wand of digging (10/24)
Scrolls
 c - 2 scrolls of fog
 e - 6 scrolls of teleportation
 l - 16 scrolls of identify
 o - 5 scrolls of magic mapping
 q - 3 scrolls of fear
 r - 3 scrolls of remove curse
 x - 3 scrolls of recharging
 F - a scroll of blinking
 R - 3 scrolls of enchant weapon
Potions
 g - 8 potions of curing
 k - 5 potions of might
 p - a potion of ambrosia
 t - 5 potions of haste
 C - 3 potions of resistance
 G - 2 potions of heal wounds
 I - 2 potions of magic
 J - a potion of mutation
 K - 4 potions of agility
Comestibles
 b - 3 fruits
 f - 28 bread rations
 m - 14 meat rations
 n - 12 royal jellies


   Skills:
 + Level 16.5 Fighting
 + Level 18.5 Maces & Flails
 + Level 16.1 Armour
 + Level 12.7 Dodging
 + Level 16.2 Shields
 - Level 1.4 Spellcasting
 + Level 14.2 Invocations


You had 5 spell levels left.
You knew the following spells:

 Your Spells              Type           Power        Failure   Level  Hunger
a - Blink                 Tloc           N/A          100%        2    ###....
b - Shroud of Golubria    Chrm/Tloc      #.........   100%        2    ###....
c - Silence               Hex/Air        #.........   100%        5    ######.
d - Deflect Missiles      Chrm/Air       #.........   100%        6    #######
e - Swiftness             Chrm/Air       #.......     100%        2    ###....


Dungeon Overview and Level Annotations

Branches:
Dungeon (15/15)            Temple (0/1) D:6            Lair (6/6) D:10
  Swamp (4/4) Lair:3        Snake (4/4) Lair:4        Slime (0/5) Lair:6
    Orc (2/2) D:9             Elf (0/3) Orc:2        Vaults (3/5) D:14
  Crypt (0/3) Vaults:2     Depths (0/5) D:15

Altars:
Cheibriados
Elyvilon
Fedhas
Makhleb
Nemelex Xobeh
Qazlal
Ru
Sif Muna
Trog
Yredelemnul
The Shining One
Beogh

Shops:
D:4 [   D:5 }   D:15 *   Orc:2 *([!

Annotations:
D:13 1 runed door


Innate Abilities, Weirdness & Mutations

You are resistant to torment.
Your stone body is resilient. (AC +15)
You are immune to poison.
Your large and strong wings let you fly indefinitely.
You resist negative energy. (rN+)
You are resistant to electric shocks. (rElec)
You can survive without breathing.
You are immune to petrification.
You are immune to rotting.
You are agile. (Dex +2)
Your body sometimes deteriorates upon taking damage.
You have an increased reservoir of magic. (+10% MP)
You are very weak. (Str -4)
You expend magic power (3 MP) to strengthen your wands.
[Scrolls take you longer to read.]
[You are very clumsy. (Dex -4)]
[Your magical capacity is very low. (-20% MP)]
[You sometimes yell uncontrollably at your foes.]


Message History

The cacodemon closely misses you.
The cacodemon hits you but does no damage.
Your daeva blocks the large abomination's attack.
The Executioner hits you but does no damage.
The Executioner hits you.
* * * LOW HITPOINT WARNING * * *
The Executioner hits you.
* * * LOW HITPOINT WARNING * * *
The large abomination hits your daeva!!
Your daeva barely misses the large abomination.
Your daeva hits the large abomination with a long sword of holy wrath.
The large abomination convulses.
The large abomination hits you!! The Shining One protects you from harm!
The golden eye blinks at you. You resist with some effort.
Your daeva blocks the large abomination's attack.
The cacodemon closely misses you.
The cacodemon hits you but does no damage.
The large abomination hits you!!
You die...

##...#. ## ##.##
## # . .#.## ≈
.#... ...## .≈≈
......).......≈≈
..##### ...#####
##x##...##
#2XXXX.... #@#
.##XGX212GXX##.
.'.G#Jz#JA#G.'.
.#..#XX XX#G.#.
..###JX xx###..
....Gx. x.....#
###..## ##X.≈##
#..#z G#..##


You could see 3 cacodemons, an Executioner, a titanic slime creature, a very
large slime creature, a slime creature, 2 shining eyes, 3 glowing orange brains,
14 large abominations, an eye of draining, 4 small abominations, 2 flying
skulls, a golden eye, a macabre mass and a friendly daeva.

Vanquished Creatures
  Mennas (Vaults:3)
  Mara (Vaults:3)
  Bai Suzhen (Swamp:4)
  Vashnia (Snake:4)
  A bone dragon (Swamp:4)
  2 thorn hunters (Swamp:4)
  A tentacled starspawn (Abyss:3)
  A sphinx (Vaults:3)
  2 storm dragons
  A tengu reaver (Vaults:3)
  9 nagarajas
  8 vault wardens
  A frost giant (Vaults:3)
  3 deep elf sorcerers
  Louise (Swamp:2)
  A fire giant (D:14)
  2 orc warlords
  6 ironheart preservers
  3 stone giants
  A war gargoyle (Vaults:2)
  A very ugly thing (Vaults:2)
  Azrael (Orc:2)
  A dire elephant (D:15)
  An eidolon (Vaults:2)
  A spark wasp (shapeshifter) (D:14)
  2 blizzard demons (IceCv)
  A deep elf death mage (Vaults:2)
  2 yaktaur captains
  5 ogre magi
  2 fire dragons
  15 vault guards
  11 hydras
  2 great orbs of eyes
  18 naga warriors
  Fannar (D:12)
  Erolcha (D:12)
  5 centaur warriors
  5 ghost crabs
  A death knight (Vaults:1)
  3 vampire magi
  8 anacondas
  24 two-headed ogres
  A tengu warrior (D:15)
  5 death yaks
  4 alligators
  2 deep troll earth magi
  Nergalle (Lair:3)
  10 shock serpents
  12 naga sharpshooters
  A deep elf knight (Vaults:3)
  6 skeletal warriors
  3 wretched stars (Abyss:3)
  6 salamander mystics (Snake:4)
  3 wizards
  A flayed ghost (Vaults:1)
  3 unseen horrors
  14 naga ritualists
  2 spriggan druids (Swamp:4)
  A shambling mangrove (Swamp:1)
  5 deep trolls
  4 sea snakes (Snake:3)
  4 spectral hydras (Swamp:4)
  2 phantasmal warriors (Swamp:4)
  5 swamp dragons
  A deep elf archer (Vaults:2)
  2 necromancers
  4 orc knights
  10 ironbrand convokers
  11 mana vipers
  13 deep elf magi
  A wolf spider (Vaults:3)
  2 oklob plants
  6 orc sorcerers
  3 elephants (Lair:5)
  13 ugly things
  15 salamanders
  A manticore (D:15)
  8 cyclopes
  33 black mambas
  A tengu skeleton (Vaults:2)
  A black mamba (shapeshifter) (Vaults:2)
  7 guardian serpents
  24 naga magi
  2 torpor snails (Lair:6)
  12 vault sentinels
  A frost giant skeleton (Vaults:2)
  14 komodo dragons
  2 gargoyles
  34 spiny frogs
  A yaktaur (shapeshifter) (Vaults:1)
  4 kobold demonologists
  5 swamp worm zombies (Swamp:4)
  5 ice devils (IceCv)
  2 rime drakes
  9 freezing wraiths
  9 yaktaurs
  A demonic crawler (Abyss:3)
  An efreet (D:15)
  4 golden dragon simulacra
  2 hydra zombies (Swamp:4)
  A troll (shapeshifter) (D:15)
  A polar bear (Lair:6)
  7 trolls
  A wolf spider simulacrum (D:14)
  2 large abominations (Abyss:3)
  8 hornets
  26 slime creatures
  10 hippogriffs
  9 tyrant leeches
  10 bog bodies
  A tengu simulacrum (Vaults:2)
  Prince Ribbit (D:8)
  30 blink frogs
  2 alligator zombies (Swamp:4)
  2 spectral swamp dragons (Swamp:4)
  A vampire (D:12)
  2 spriggans
  A flying skull (Vaults:2)
  6 shadows
  6 wyverns
  36 yaks
  3 wraiths
  4 basilisks
  4 fire elementals (Orc:2)
  3 chaos spawn (Abyss:3)
  A hungry ghost (D:13)
  27 vampire mosquitoes
  14 swamp worms
  7 wargs
  Menkaure (D:4)
  32 insubstantial wisps
  4 iron troll simulacra (IceCv)
  82 nagas
  3 harpy simulacra (IceCv)
  4 hydra simulacra (IceCv)
  3 acid dragons
  6 hell hounds
  10 water moccasins
  10 porcupines
  Duvessa (D:4)
  4 ice beasts
  An ettin simulacrum (IceCv)
  53 orc warriors
  A black bear (D:8)
  7 swamp drakes
  5 swamp dragon zombies (Swamp:4)
  A necrophage (D:6)
  4 phantoms (Swamp:4)
  7 sky beasts
  An eye of draining (shapeshifter) (Vaults:2)
  23 wolves
  23 ogres
  14 boggarts
  18 centaurs
  14 crocodiles
  4 big kobolds (D:13)
  19 bullfrogs
  Dowan (D:4)
  2 water moccasin zombies
  3 wyvern skeletons
  4 scorpions
  A water moccasin skeleton (D:7)
  The ghost of mcbry the Poker, a weakling MfGl (D:3)
  6 killer bees (D:10)
  2 elephant simulacra (IceCv)
  16 wights
  2 howler monkeys
  2 electric eels
  4 crimson imps
  2 small abominations (Abyss:3)
  A quasit (D:6)
  A starcursed mass (Abyss:3)
  3 bullfrog zombies
  2 draconian simulacra (IceCv)
  2 hounds
  5 jellies
  5 centaur zombies
  38 orc wizards
  24 orc priests
  2 bullfrog skeletons
  4 centaur skeletons
  Crazy Yiuf (D:5)
  4 iguanas
  Natasha (twice) (D:4)
  A spectral swamp drake (Swamp:4)
  A polar bear simulacrum (IceCv)
  2 troll simulacra (IceCv)
  17 worker ants
  3 centaur simulacra (IceCv)
  3 hound skeletons
  A worker ant zombie (D:6)
  7 gnolls
  An ogre simulacrum (IceCv)
  12 adders
  3 naga simulacra (IceCv)
  A swamp drake zombie (Swamp:4)
  5 shadow imps
  4 white imps (IceCv)
  6 ufetubi (IceCv)
  3 oozes
  An adder skeleton (D:10)
  5 worms
  3 dart slugs
  8 leopard geckos
  131 orcs
  8 bats
  2 giant cockroaches
  7 goblins
  8 hobgoblins
  11 jackals
  11 kobolds
  7 quokkas
  2 ball pythons
  6 frilled lizards
  A quokka skeleton (D:7)
  8 rats
  A macabre mass (Abyss:3)
  2 starspawn tentacles (Abyss:3)
1530 creatures vanquished.

Vanquished Creatures (collateral kills)
  An ogre mage (Vaults:3)
  A yaktaur captain (Vaults:3)
  An orc knight (Vaults:3)
  An ironbrand convoker (Vaults:3)
  4 large abominations (Abyss:3)
  A flying skull (Abyss:3)
  2 ogres (Vaults:3)
  3 orc wizards (Vaults:3)
  A small abomination (Abyss:3)
15 creatures vanquished.

Vanquished Creatures (others)
  A naga sharpshooter (Snake:4)
  A deep elf archer (Vaults:1)
  An ironbrand convoker (Vaults:2)
  A cyclops (Orc:2)
  A kobold demonologist (D:13)
  2 yaktaurs
  2 slime creatures (Swamp:4)
  2 blink frogs (Swamp:2)
  3 yaks (Lair:6)
  4 insubstantial wisps
  An ogre (Vaults:3)
  An orc wizard (D:11)
  A kobold (D:13)
  16 fungi
  29 plants (Lair:6)
  12 starspawn tentacles (Abyss:3)
78 creatures vanquished.

Grand Total: 1623 creatures vanquished

Notes
Turn   | Place    | Note
-------+----------+-------------------------------------------
     0 | D:1      | Monsterracer the Gargoyle Fighter began the quest for the Orb.
     0 | D:1      | Reached XP level 1. HP: 14/14 MP: 1/1
    89 | D:1      | Reached XP level 2. HP: 19/19 MP: 2/2
   208 | D:1      | Reached skill level 3 in Maces & Flails
   401 | D:1      | Reached XP level 3. HP: 21/23 MP: 3/3
   747 | D:2      | Gained mutation: You are agile. (Dex +2) [potion of mutation]
   747 | D:2      | Gained mutation: You expend magic power (3 MP) to strengthen your wands. [potion of mutation]
   747 | D:2      | Gained mutation: You have an increased reservoir of magic. (+10% MP) [potion of mutation]
   889 | D:2      | Reached skill level 4 in Maces & Flails
  1162 | D:2      | Reached XP level 4. HP: 18/28 MP: 4/4
  1579 | D:3      | Noticed mcbry's ghost (weakling MfGl)
  1616 | D:3      | Killed mcbry's ghost
  1616 | D:3      | Reached skill level 5 in Maces & Flails
  1616 | D:3      | Reached XP level 5. HP: 2/32 MP: 5/5
  2176 | D:3      | Found a glowing golden altar of the Shining One.
  2213 | D:3      | Became a worshipper of the Shining One
  2418 | D:4      | Reached skill level 6 in Maces & Flails
  2473 | D:4      | Reached XP level 6. HP: 36/37 MP: 6/6
  2626 | D:4      | Noticed Dowan
  2627 | D:4      | Noticed Duvessa
  2637 | D:4      | Killed Duvessa
  2637 | D:4      | Reached skill level 7 in Maces & Flails
  2641 | D:4      | Killed Dowan
  2641 | D:4      | Reached XP level 7. HP: 29/41 MP: 7/7
  2786 | D:4      | Found Hein's Armour Shop.
  3155 | D:4      | Found a blossoming altar of Fedhas.
  3156 | D:4      | Found a snail-covered altar of Cheibriados.
  3156 | D:4      | Found a sacrificial altar of Ru.
  3156 | D:4      | Found a bloodstained altar of Trog.
  3159 | D:4      | Found a white marble altar of Elyvilon.
  3160 | D:4      | Found a sparkling altar of Nemelex Xobeh.
  3281 | D:4      | Noticed Natasha
  3300 | D:4      | Killed Natasha
  3305 | D:4      | Reached skill level 8 in Maces & Flails
  3373 | D:4      | Noticed Menkaure
  3377 | D:4      | Killed Menkaure
  3507 | D:4      | Noticed Natasha
  3512 | D:4      | Killed Natasha
  3722 | D:4      | Reached skill level 9 in Maces & Flails
  3722 | D:4      | Reached XP level 8. HP: 39/46 MP: 8/8
  3852 | D:5      | Entered Level 5 of the Dungeon
  3894 | D:5      | Reached * piety under the Shining One
  3975 | D:5      | Found Etefedoxu's Gadget Shoppe.
  4031 | D:5      | Found a runed door.
  4300 | D:5      | Reached skill level 10 in Maces & Flails
  4984 | D:5      | Noticed Crazy Yiuf
  4991 | D:5      | Killed Crazy Yiuf
  5164 | D:6      | Got a citrine-studded leather armour
  5175 | D:6      | Identified the +1 leather armour of Mirth {*Drain rPois Str-5 Int+10} (You found it on level 6 of the Dungeon)
  5213 | D:6      | Reached skill level 11 in Maces & Flails
  5213 | D:6      | Reached XP level 9. HP: 45/51 MP: 9/9
  5550 | D:6      | Found a staircase to the Ecumenical Temple.
  5938 | D:6      | Reached skill level 1 in Dodging
  6295 | D:7      | Learned a level 3 spell: Conjure Flame
  6659 | D:7      | Reached ** piety under the Shining One
  6721 | D:7      | Reached skill level 12 in Maces & Flails
  6919 | D:4      | Bought a +0 pair of gloves for 45 gold pieces
  6919 | D:4      | Bought a +1 pair of boots of running for 365 gold pieces
  7144 | D:8      | Reached XP level 10. HP: 58/58 MP: 11/11
  7451 | D:8      | Noticed Prince Ribbit
  7462 | D:8      | Reached skill level 5 in Fighting
  7469 | D:8      | Reached skill level 5 in Armour
  7482 | D:8      | Killed Prince Ribbit
  7817 | D:9      | Reached skill level 5 in Shields
  7884 | D:9      | Noticed a two-headed ogre
  7895 | D:9      | Killed a two-headed ogre
  8163 | D:9      | Found a staircase to the Orcish Mines.
  8535 | D:9      | Reached skill level 13 in Maces & Flails
  8699 | D:9      | Reached *** piety under the Shining One
  8800 | D:9      | Reached XP level 11. HP: 64/64 MP: 12/12
  9414 | D:10     | Entered Level 10 of the Dungeon
  9541 | D:10     | Found a staircase to the Lair.
  9978 | D:10     | Reached **** piety under the Shining One
 10211 | D:10     | Noticed an eight-headed hydra
 10225 | D:10     | Killed an eight-headed hydra
 10460 | Orc:1    | Entered Level 1 of the Orcish Mines
 10575 | Orc:2    | Entered Level 2 of the Orcish Mines
 10816 | Lair:1   | Entered Level 1 of the Lair of Beasts
 11754 | Lair:2   | Reached skill level 14 in Maces & Flails
 11773 | Lair:2   | Reached XP level 12. HP: 73/73 MP: 13/13
 12245 | Lair:2   | Reached skill level 1 in Invocations
 12610 | Lair:3   | Noticed Nergalle
 12625 | Lair:3   | Killed Nergalle
 12724 | Lair:3   | Reached skill level 5 in Dodging
 13137 | Lair:3   | Noticed an eight-headed hydra
 13155 | Lair:3   | Killed an eight-headed hydra
 13469 | Lair:3   | Found a staircase to the Swamp.
 13880 | Lair:4   | Found a staircase to the Snake Pit.
 14602 | Lair:5   | Learned a level 6 spell: Deflect Missiles
 14669 | Lair:5   | Learned a level 5 spell: Silence
 14712 | Lair:5   | Reached XP level 13. HP: 80/80 MP: 17/17
 14984 | Lair:5   | Reached ***** piety under the Shining One
 15120 | Lair:1   | Reached skill level 5 in Invocations
 16108 | Lair:5   | Reached skill level 10 in Fighting
 16124 | Lair:5   | Reached skill level 10 in Shields
 16582 | Lair:6   | Entered Level 6 of the Lair of Beasts
 16590 | Lair:6   | Reached skill level 10 in Armour
 17379 | Lair:6   | Gained mutation: Your large and strong wings let you fly indefinitely. [Gargoyle growth]
 17379 | Lair:6   | Reached XP level 14. HP: 88/88 MP: 20/20
 18218 | Lair:6   | Found a staircase to the Slime Pits.
 19203 | Orc:1    | Noticed a stone giant
 19274 | Orc:1    | Killed a stone giant
 19558 | Orc:1    | Found a burning altar of Makhleb.
 19737 | Orc:1    | Noticed a stone giant
 19755 | Orc:1    | Killed a stone giant
 20008 | Orc:2    | Noticed Azrael
 20174 | Orc:2    | Found a roughly hewn altar of Beogh.
 20271 | Orc:2    | Killed Azrael
 20352 | Orc:2    | Found a staircase to the Elven Halls.
 20380 | Orc:2    | Found a roughly hewn altar of Beogh.
 20479 | Orc:2    | Found a roughly hewn altar of Beogh.
 20480 | Orc:2    | Found Gonus's Distillery.
 20653 | Orc:2    | Bought a potion of berserk rage for 65 gold pieces
 20653 | Orc:2    | Bought a potion of heal wounds for 65 gold pieces
 20653 | Orc:2    | Bought a potion of mutation for 104 gold pieces
 20653 | Orc:2    | Bought a potion of berserk rage for 65 gold pieces
 20704 | Orc:2    | Found a roughly hewn altar of Beogh.
 21269 | Orc:2    | Reached ****** piety under the Shining One
 21524 | Orc:2    | Found a roughly hewn altar of Beogh.
 21526 | Orc:2    | Noticed an orc warlord
 21651 | Orc:1    | Killed an orc warlord
 21758 | Orc:2    | Reached XP level 15. HP: 96/96 MP: 22/22
 21827 | Orc:2    | Found Diakir's General Store.
 21962 | Orc:2    | Noticed an orc warlord
 22079 | Orc:2    | Killed an orc warlord
 22268 | Orc:2    | Found Nefits's Antique Armour Emporium.
 22269 | Orc:2    | Found a roughly hewn altar of Beogh.
 22272 | Orc:2    | Found Cautsug's Antique Weapon Shoppe.
 23561 | D:11     | Identified the Incunabulum of Bewitching Shape Shifting
 23595 | D:11     | Found a deep blue altar of Sif Muna.
 23651 | D:11     | Noticed a deep elf sorcerer
 23658 | D:11     | Killed a deep elf sorcerer
 23709 | D:11     | Identified the Guide on Venomous Sinister Magic
 23714 | D:11     | Learned a level 2 spell: Blink
 23837 | D:11     | Identified Raof's Handbook of Congealing Flight
 23839 | D:11     | Identified the Grimoire of Unholy Flight
 23865 | D:11     | Noticed a deep elf sorcerer
 23873 | D:11     | Killed a deep elf sorcerer
 24158 | D:11     | Identified Beesk's Tome of the Rocks and Flight
 24215 | D:11     | Identified the Collected Works on Enhancements and Toxins
 24220 | D:11     | Learned a level 2 spell: Shroud of Golubria
 24336 | D:12     | Noticed Erolcha
 24337 | D:12     | Noticed Fannar
 24342 | D:12     | Reached skill level 1 in Spellcasting
 24345 | D:12     | Killed Erolcha
 24369 | D:12     | Killed Fannar
 24369 | D:12     | Reached skill level 15 in Maces & Flails
 25331 | D:13     | Found a runed door.
 25332 | D:13     | Noticed an orc warlord
 25358 | D:13     | Noticed a sphinx
 26009 | D:14     | Noticed a fire giant
 26049 | D:14     | Killed a fire giant
 26055 | D:14     | Reached XP level 16. HP: 61/103 MP: 25/25
 26283 | D:14     | Found a gate to the Vaults.
 26952 | D:15     | Entered Level 15 of the Dungeon
 26967 | D:15     | Found a stormy altar of Qazlal.
 27306 | D:15     | Found Qutudoit's General Store.
 27311 | D:15     | Bought a potion of heal wounds for 60 gold pieces
 27311 | D:15     | Bought a potion of haste for 120 gold pieces
 27311 | D:15     | Bought a potion of might for 48 gold pieces
 27847 | D:15     | Found a staircase to the Depths.
 27890 | D:15     | Reached skill level 10 in Invocations
 28243 | Swamp:1  | Entered Level 1 of the Swamp
 28493 | Swamp:1  | Reached skill level 16 in Maces & Flails
 29443 | Swamp:2  | Noticed Louise
 29474 | Swamp:2  | Killed Louise
 29474 | Swamp:2  | Reached skill level 10 in Dodging
 29684 | Swamp:2  | Reached XP level 17. HP: 109/109 MP: 27/27
 29759 | Swamp:2  | Learned a level 2 spell: Swiftness
 30929 | Swamp:4  | Entered Level 4 of the Swamp
 31521 | Swamp:4  | Noticed Bai Suzhen
 31541 | Swamp:4  | Killed Bai Suzhen
 32056 | Swamp:4  | Noticed a bone dragon
 32334 | Swamp:4  | Killed a bone dragon
 32439 | Swamp:4  | Got a decaying rune of Zot
 32643 | Snake:1  | Entered Level 1 of the Snake Pit
 32684 | Snake:1  | Found a sparkling altar of Nemelex Xobeh.
 33156 | Snake:1  | Reached XP level 18. HP: 104/116 MP: 29/29
 33675 | Snake:2  | Found a frozen archway.
 33697 | IceCv    | Entered an ice cave
 34321 | IceCv    | Got a bound turquoise ring
 34326 | IceCv    | Got a bound marble ring
 34329 | IceCv    | Got a steaming hat
 34340 | IceCv    | Identified the +0 hat "Sijicki" {rElec rC- MR- Regen+} (You found it in an ice cave)
 34352 | IceCv    | Identified the ring of Siczoa {rElec rC+ SInv Stlth-} (You found it in an ice cave)
 34355 | IceCv    | Identified the ring of the Lich-sworn {+Blink rF- rC+ rN+ Str+7} (You found it in an ice cave)
 35371 | Snake:3  | Reached skill level 17 in Maces & Flails
 36150 | Snake:4  | Entered Level 4 of the Snake Pit
 36717 | Snake:4  | Found a basalt altar of Yredelemnul.
 36955 | Snake:4  | Reached XP level 19. HP: 71/123 MP: 31/31
 37239 | Snake:4  | Noticed Vashnia
 37260 | Snake:4  | Killed Vashnia
 37326 | Snake:4  | Reached skill level 15 in Fighting
 38046 | Snake:4  | Reached skill level 15 in Shields
 38268 | Snake:4  | Reached skill level 15 in Armour
 38657 | Snake:4  | Got a serpentine rune of Zot
 39114 | Vaults:1 | Entered Level 1 of the Vaults
 40574 | Vaults:1 | Reached XP level 20. HP: 130/130 MP: 32/32
 41074 | Vaults:2 | Reached skill level 18 in Maces & Flails
 41522 | Vaults:2 | Found a staircase to the Crypt.
 41578 | Vaults:2 | Identified a scroll of acquirement
 42902 | Vaults:3 | Noticed Mara
 42908 | Vaults:3 | Noticed Monsterracer's illusion
 42921 | Vaults:3 | Killed Mara
 42991 | Vaults:3 | Noticed Mennas
 43084 | Vaults:3 | Killed Mennas
 43455 | Vaults:3 | Reached XP level 21. HP: 136/136 MP: 34/34
 43828 | Vaults:3 | Cast into level 3 of the Abyss (a wizard)
 43828 | Abyss:3  | Found a corrupted altar of Lugonu.
 43834 | Abyss:3  | Paralysed by accursed screaming for 2 turns
 44088 | Abyss:3  | Gained mutation: You are weak. (Str -2) [a cacodemon]
 44097 | Abyss:3  | Gained mutation: Your body sometimes deteriorates upon taking damage. [a cacodemon]
 44100 | Abyss:3  | Gained mutation: You are very weak. (Str -4) [a cacodemon]
 44106 | Abyss:3  | The Shining One protects you from harm!
 44106 | Abyss:3  | Mangled by a large abomination

Skill      XL: |  1  2  3  4  5  6  7  8  9 10 11 12 13 14 15 16 17 18 19 20 |
---------------+-------------------------------------------------------------+-----
Maces & Flails | 3 4 5 6 7 9 11 12 13 14 15 16 17 18 | 18.5
Dodging        | 2 3 4 5 7 8 9 10 11 12 | 12.7
Fighting       | 4 6 7 9 10 11 12 13 14 15 16 | 16.5
Armour         | 4 6 7 9 10 11 12 13 14 15 16 | 16.1
Shields        | 4 6 7 9 10 11 12 13 14 15 16 | 16.2
Invocations    | 4 6 7 9 10 11 12 13 14 | 14.2
Spellcasting   | 1 |  1.4

Action                   |  1- 3 |  4- 6 |  7- 9 | 10-12 | 13-15 | 16-18 | 19-21 || total
-------------------------+-------+-------+-------+-------+-------+-------+-------++-------
Melee: Flail             |   140 |   196 |   415 |   948 |   894 |       |       ||  2593
       Morningstar       |       |       |       |       |  1165 |  2259 |   892 ||  4316
       War axe           |       |       |       |       |       |    54 |       ||    54
       Eveningstar       |       |       |       |       |       |       |   506 ||   506
Invok: Divine Shield     |       |       |       |     1 |       |       |       ||     1
       Cleansing Flame   |       |       |       |       |     3 |     3 |    12 ||    18
       Summon Divine War |       |       |       |       |       |       |     3 ||     3
 Abil: Fly               |       |       |       |       |     1 |       |       ||     1
Evoke: Wand              |       |       |       |     2 |     2 |       |       ||     4
  Use: Potion            |     4 |     4 |     3 |     2 |     7 |     3 |     7 ||    30
       Scroll            |       |       |    10 |     9 |     3 |    10 |     5 ||    37
  Eat: Chunk             |     1 |     5 |    14 |    23 |    39 |    23 |    23 ||   128
       Fruit             |       |       |       |     2 |       |     8 |     1 ||    11
       Royal jelly       |       |       |       |       |       |     3 |     1 ||     4
Armor: Scale mail        |    89 |    89 |   110 |       |       |       |       ||   288
       Skin              |       |     8 |       |       |       |       |       ||     8
       Leather armour    |       |       |    17 |       |       |       |       ||    17
       Chain mail        |       |       |    40 |    56 |       |       |       ||    96
       Plate armour      |       |       |       |   464 |   713 |  1191 |   682 ||  3050
Dodge: Dodged            |    74 |    48 |    86 |   170 |   445 |   688 |   365 ||  1876
Block: Shield            |    82 |    85 |   140 |   447 |  1280 |  1556 |       ||  3590
       Reflection        |       |       |       |       |    22 |   112 |   113 ||   247
       Large shield      |       |       |       |       |       |   581 |  1547 ||  2128
